Dungeon Sprint DCSS version 0.16-a0-4078-g0e80503 (console) character file.

14300000 Monkaria the Axe Maniac (level 27, -183/272 (273) HPs) Began as a Ghoul Gladiator on Feb 22, 2015. Was the Champion of Makhleb. Annihilated by a fleshlord ... wielding a +9 great mace (243 damage) ... while paralysed ... in the Dungeon (Sprint VIII: "Arena of Blood"). The game lasted 00:04:35 (143 turns). Monkaria the Axe Maniac (Ghoul Gladiator) Turns: 143, Time: 00:04:36 HP: -183/272 (273)AC: 8 Str: 23 XL: 27 MP: 39/49 EV: 2 Int: -1 (7) God: Makhleb [******] Gold: 0 SH: 0 Dex: 14 Spells: 0 memorised, 80 levels left rFire . . . SeeInvis . i - +โˆž Axe of Woe rCold + . . Clarity . b - +0 leather armour rNeg + + + SustAb . (no shield) rPois โˆž Gourm . c - +0 helmet rElec . Spirit . (no cloak) rCorr . Warding . (no gloves) rMut . NoTele + (no boots) MR ++... (no amulet) Stlth +++++++++. m - +400 ring of slaying k - +200 ring of slaying @: paralysed, rotting, slowed, lost intelligence, very resistant to hostile enchantments, incredibly stealthy A: rotting body, claws 1, carnivore 3, cold resistance 1, negative energy resistance 3, poison resistance, slow healing 1, torment resistance, unbreathing a: Minor Destruction, Lesser Servant of Makhleb, Major Destruction, Greater Servant of Makhleb, Renounce Religion You were in the Dungeon. You worshipped Makhleb. Makhleb was exalted by your worship. You were not hungry. You visited 1 branch

Inventory:

Hand weapons
 a - a +0 war axe
 i - the +โˆž Axe of Woe (weapon)
   (You found it in the Dungeon)
Missiles
 d - 3 throwing nets (quivered)
Armour
 b - a +0 leather armour (worn)
 c - a +0 helmet (worn)
Jewellery
 k - a +200 ring of slaying (left claw)
 l - a +200 ring of slaying
 m - a +400 ring of slaying (right claw)
Scrolls
 j - a scroll of blinking
Potions
 e - a potion of curing
 f - a potion of heal wounds
 g - a potion of haste
 h - 2 potions of magic


   Skills:
 O Level 27 Fighting
 O Level 27 Axes
 O Level 27 Throwing
 O Level 27 Armour
 O Level 27 Dodging
 O Level 27 Stealth
 O Level 27 Unarmed Combat
 O Level 27 Spellcasting
 O Level 27 Invocations


You had 80 spell levels left.
You didn't know any spells.

Dungeon Overview and Level Annotations

Branches:
Dungeon (1/1)

Altars:
Makhleb


Innate Abilities, Weirdness & Mutations

Your body is rotting away.
You thrive on raw meat.
You have sharp fingernails.
You are carnivorous and can eat meat at any time.
Your flesh is cold resistant.
You are immune to negative energy.
Your system is resistant to poisons.
You heal slowly when monsters are visible.
You are immune to unholy pain and torment.
You can survive without breathing.


Message History

You hear a shout! x5
The reaper hits you from afar with a scythe of venom!!!
You hear a shout!
The destroyer hits you with a +9 great sword of slicing!!!!
The destroyer bites you.
You hear a shout!
The destroyer blinks!
The fleshlord casts a spell.
The fleshlord seems to speed up.
You hear a shout! x2
The reaper hits you from afar with a scythe of venom!
You hear a shout! x2
The destroyer hits you with a +9 great sword of slicing!
* * * LOW HITPOINT WARNING * * *
x2 The destroyer bites you!
* * * LOW HITPOINT WARNING * * *
You hear a shout!
The fleshlord hits you with a +9 great mace!!!!!
Ouch! That really hurt!
You die...

......... ..o.X.....
.....X.... . #.....%.#
... #.....%.# ....
.###.....).###.....
.%.%.%.###))).%......
.......)_)V))).ยง.....
.....#%pV@p#))%....#.
. #_.<)_#....%...
#.%2))#......#.
.%.%%._......%.%..
@.....###......L%.
.###.. ...###... #..
..%# .. #.. ...# ..
.....


You could see a reaper, 2 destroyers and 2 fleshlords.

Vanquished Creatures
  Edmund (D)
  Harold (D)
  Sigmund (D)
  6 great orbs of eyes (D)
  5 greater mummies (D)
  15 hell beasts (D)
  2 hell knights (D)
  10 hill giants (D)
  6 liches (D)
  36 ogres (D)
  53 orcs (D)
  A phantom (D)
  9 skeletal warriors (D)
  15 vampire knights (D)
  6 wraiths (D)
  2 sea snakes (D)
  A tentacled monstrosity (D)
  A reaper (D)
  11 large abominations (D)
  A soul eater (D)
  8 small abominations (D)
  8 crawling corpses (D)
199 creatures vanquished.

Vanquished Creatures (others)
  5 crawling corpses (D)
5 creatures vanquished.

Grand Total: 204 creatures vanquished

Notes
Turn   | Place    | Note
--------------------------------------------------------------
     0 | D        | Monkaria, the Ghoul Gladiator, began the quest for the Orb.
     0 | D        | Reached XP level 1. HP: 17/17 MP: 1/1
     4 | D        | Noticed a bag of meat
     4 | D        | Became a worshipper of Makhleb the Destroyer
     6 | D        | Noticed a bag of meat
    10 | D        | Killed a bag of meat
    10 | D        | Reached skill level 17 in Fighting
    10 | D        | Reached skill level 19 in Axes
    10 | D        | Reached XP level 2. HP: 19/51 MP: 2/2
    10 | D        | Reached XP level 3. HP: 21/58 MP: 3/3
    10 | D        | Reached XP level 4. HP: 23/66 MP: 3/3
    10 | D        | Reached XP level 5. HP: 25/73 MP: 4/4
    10 | D        | Reached XP level 6. HP: 27/81 MP: 5/5
    10 | D        | Reached XP level 7. HP: 29/88 MP: 5/5
    10 | D        | Reached XP level 8. HP: 31/95 MP: 6/6
    10 | D        | Reached XP level 9. HP: 33/102 MP: 7/7
    10 | D        | Reached XP level 10. HP: 35/111 MP: 7/7
    10 | D        | Reached XP level 11. HP: 36/117 MP: 8/8
    11 | D        | Noticed a meat berserker
    11 | D        | Killed a bag of meat
    11 | D        | Acquired Makhleb's first power
    11 | D        | Reached skill level 22 in Axes
    11 | D        | Reached XP level 12. HP: 38/130 MP: 9/9
    12 | D        | Noticed a meat berserker
    12 | D        | Killed a meat berserker
    12 | D        | Reached skill level 24 in Axes
    12 | D        | Reached XP level 13. HP: 39/143 MP: 9/9
    14 | D        | Noticed a meat berserker
    15 | D        | Noticed a large bag of meat
    15 | D        | Noticed a bag of meat
    15 | D        | Noticed a meat berserker
    16 | D        | Killed a meat berserker
    16 | D        | Acquired Makhleb's second power
    16 | D        | Reached skill level 25 in Axes
    16 | D        | Reached XP level 14. HP: 104/154 MP: 10/10
    17 | D        | Noticed a bag of meat
    17 | D        | Noticed a meat berserker
    18 | D        | Noticed a meat berserker
    18 | D        | Killed a meat berserker
    18 | D        | Reached skill level 26 in Axes
    18 | D        | Killed a meat berserker
    18 | D        | Acquired Makhleb's third power
    18 | D        | Reached skill level 27 in Axes
    18 | D        | Reached XP level 15. HP: 164/170 MP: 11/11
    19 | D        | Noticed a bag of meat
    19 | D        | Noticed a bag of meat
    20 | D        | Noticed a large bag of meat
    20 | D        | Noticed a large bag of meat
    20 | D        | Noticed a bag of meat
    20 | D        | Killed a meat berserker
    20 | D        | Reached skill level 27 in Fighting
    21 | D        | Noticed a bag of meat
    21 | D        | Noticed a bag of meat
    22 | D        | Noticed a bag of meat
    22 | D        | Noticed a meat berserker
    22 | D        | Killed a large bag of meat
    22 | D        | Acquired Makhleb's fourth power
    22 | D        | Killed a meat berserker
    22 | D        | Reached XP level 16. HP: 182/182 MP: 11/11
    22 | D        | Killed a bag of meat
    22 | D        | Killed a bag of meat
    22 | D        | Acquired Makhleb's fifth power
    24 | D        | Killed a large bag of meat
    25 | D        | Noticed a bag of meat
    25 | D        | Noticed a bag of meat
    26 | D        | Killed a bag of meat
    26 | D        | Reached XP level 17. HP: 185/190 MP: 12/12
    27 | D        | Noticed a meat berserker
    27 | D        | Killed a meat berserker
    27 | D        | Reached skill level 27 in Dodging
    27 | D        | Reached skill level 1 in Armour
    28 | D        | Killed a large bag of meat
    28 | D        | Killed a meat berserker
    28 | D        | Killed a bag of meat
    28 | D        | Reached XP level 18. HP: 199/199 MP: 13/13
    29 | D        | Noticed a destroyer
    29 | D        | Noticed a meat berserker
    29 | D        | Noticed a bag of meat
    29 | D        | Noticed a bag of meat
    29 | D        | Noticed a bag of meat
    29 | D        | Noticed a bag of meat
    29 | D        | Noticed a meat berserker
    29 | D        | Noticed a destroyer
    30 | D        | Noticed a large bag of meat
    30 | D        | Noticed a destroyer
    30 | D        | Noticed a bag of meat
    30 | D        | Noticed a bag of meat
    30 | D        | Killed a meat berserker
    30 | D        | Killed a destroyer
    30 | D        | Killed a bag of meat
    31 | D        | Noticed a meat berserker
    31 | D        | Noticed a destroyer
    31 | D        | Noticed a bag of meat
    31 | D        | Noticed a destroyer
    31 | D        | Noticed a bag of meat
    31 | D        | Noticed a destroyer
    32 | D        | Killed a destroyer
    33 | D        | Noticed a bag of meat
    33 | D        | Noticed a bag of meat
    33 | D        | Noticed a bag of meat
    33 | D        | Killed a bag of meat
    33 | D        | Reached skill level 27 in Armour
    33 | D        | Reached XP level 19. HP: 206/206 MP: 13/32
    33 | D        | Killed a bag of meat
    33 | D        | Killed a bag of meat
    33 | D        | Killed a meat berserker
    34 | D        | Noticed a bag of meat
    34 | D        | Killed a destroyer
    34 | D        | Killed a destroyer
    34 | D        | Reached skill level 27 in Invocations
    35 | D        | Noticed a bag of meat
    35 | D        | Noticed a bag of meat
    35 | D        | Noticed a sculptor of flesh
    35 | D        | Noticed a destroyer
    35 | D        | Killed a large bag of meat
    35 | D        | Reached XP level 20. HP: 215/215 MP: 13/41
    35 | D        | Killed a bag of meat
    36 | D        | Noticed a bag of meat
    36 | D        | Noticed a bag of meat
    36 | D        | Noticed a large bag of meat
    36 | D        | Killed a bag of meat
    36 | D        | Killed a bag of meat
    36 | D        | Reached skill level 27 in Stealth
    36 | D        | Reached skill level 5 in Spellcasting
    37 | D        | Noticed a large bag of meat
    37 | D        | Killed a meat berserker
    37 | D        | Killed a bag of meat
    37 | D        | Reached skill level 15 in Spellcasting
    37 | D        | Killed a bag of meat
    38 | D        | Noticed a sculptor of flesh
    39 | D        | Noticed a sculptor of flesh
    39 | D        | Noticed a destroyer
    39 | D        | Killed a bag of meat
    39 | D        | Reached XP level 21. HP: 223/223 MP: 14/43
    39 | D        | Killed a bag of meat
    40 | D        | Killed a bag of meat
    40 | D        | Killed a bag of meat
    41 | D        | Killed a bag of meat
    41 | D        | Killed a destroyer
    41 | D        | Reached skill level 27 in Spellcasting
    41 | D        | Reached skill level 10 in Throwing
    42 | D        | Noticed a bag of meat
    42 | D        | Noticed a destroyer
    42 | D        | Killed a bag of meat
    42 | D        | Killed a destroyer
    42 | D        | Reached XP level 22. HP: 232/232 MP: 14/47
    43 | D        | Noticed a sculptor of flesh
    43 | D        | Noticed a sculptor of flesh
    43 | D        | Noticed a bag of meat
    43 | D        | Killed a bag of meat
    43 | D        | Killed a bag of meat
    43 | D        | Killed a sculptor of flesh
    43 | D        | Killed a bag of meat
    44 | D        | Noticed a bag of meat
    44 | D        | Noticed a sculptor of flesh
    44 | D        | Noticed a meat berserker
    44 | D        | Noticed a destroyer
    45 | D        | Noticed a sculptor of flesh
    45 | D        | Killed a bag of meat
    45 | D        | Reached skill level 27 in Throwing
    46 | D        | Noticed a bag of meat
    46 | D        | Killed a large bag of meat
    46 | D        | Killed a destroyer
    46 | D        | Reached XP level 23. HP: 239/239 MP: 15/47
    46 | D        | Killed a sculptor of flesh
    47 | D        | Noticed a meat berserker
    47 | D        | Noticed a bag of meat
    47 | D        | Killed a large bag of meat
    47 | D        | Killed a bag of meat
    47 | D        | Reached skill level 27 in Unarmed Combat
    48 | D        | Killed a destroyer
    49 | D        | Killed a bag of meat
    49 | D        | Killed a sculptor of flesh
    50 | D        | Noticed The Servant
    50 | D        | Noticed a meat berserker
    50 | D        | Killed a bag of meat
    50 | D        | Killed a meat berserker
    50 | D        | Killed a bag of meat
    50 | D        | Reached XP level 24. HP: 248/248 MP: 16/48
    51 | D        | Killed a sculptor of flesh
    52 | D        | Killed a destroyer
    52 | D        | Killed a bag of meat
    54 | D        | Noticed a tyrant
    54 | D        | Killed a tyrant
    54 | D        | Killed a meat berserker
    54 | D        | Killed a sculptor of flesh
    54 | D        | Killed a sculptor of flesh
    55 | D        | Killed a sculptor of flesh
    55 | D        | Killed a bag of meat
    55 | D        | Reached XP level 25. HP: 256/256 MP: 17/48
    55 | D        | Killed a destroyer
    56 | D        | Killed a bag of meat
    56 | D        | Killed a bag of meat
    57 | D        | Noticed a meat berserker
    58 | D        | Noticed a tyrant
    58 | D        | Noticed a bag of meat
    58 | D        | Killed The Servant
    58 | D        | Killed a meat berserker
    60 | D        | Noticed a meat berserker
    61 | D        | Noticed a meat beast
    64 | D        | Noticed a meat berserker
    64 | D        | Noticed a dread
    64 | D        | Killed a meat berserker
    65 | D        | Killed a bag of meat
    66 | D        | Noticed a meat berserker
    67 | D        | Noticed a meat berserker
    67 | D        | Noticed a bag of meat
    68 | D        | Noticed a meat berserker
    68 | D        | Noticed a dread
    69 | D        | Noticed a meat berserker
    69 | D        | Killed a tyrant
    69 | D        | Killed a meat berserker
    70 | D        | Noticed a bag of meat
    70 | D        | Noticed a meat berserker
    71 | D        | Noticed a meat beast
    71 | D        | Noticed a bag of meat
    71 | D        | Noticed a destroyer
    71 | D        | Noticed a sculptor of flesh
    71 | D        | Killed a meat beast
    71 | D        | Reached XP level 26. HP: 265/265 MP: 22/48
    71 | D        | Killed a meat berserker
    71 | D        | Killed a meat berserker
    71 | D        | Noticed a bag of meat
    72 | D        | Killed a meat berserker
    73 | D        | Noticed a bag of meat
    73 | D        | Noticed a meat berserker
    73 | D        | Killed a dread
    73 | D        | Killed a meat berserker
    74 | D        | Noticed a meat berserker
    74 | D        | Noticed a bag of meat
    74 | D        | Noticed a meat beast
    74 | D        | Killed a meat beast
    75 | D        | Noticed a large bag of meat
    75 | D        | Killed a meat berserker
    75 | D        | Killed a destroyer
    76 | D        | Noticed a bag of meat
    76 | D        | Killed a meat beast
    77 | D        | Killed a meat berserker
    77 | D        | Reached XP level 27. HP: 272/272 MP: 23/49
    77 | D        | Killed a bag of meat
    79 | D        | Noticed a meat berserker
    79 | D        | Killed a dread
    79 | D        | Killed a bag of meat
    79 | D        | Killed a bag of meat
    80 | D        | Killed a sculptor of flesh
    80 | D        | Killed a bag of meat
    81 | D        | Noticed a bag of meat
    81 | D        | Killed a bag of meat
    82 | D        | Noticed a meat beast
    83 | D        | Killed a bag of meat
    84 | D        | Noticed a meat beast
    84 | D        | Noticed a bag of meat
    84 | D        | Killed a meat berserker
    85 | D        | Killed a large bag of meat
    86 | D        | Killed a meat beast
    86 | D        | Killed a meat beast
    87 | D        | Noticed a meat berserker
    88 | D        | Noticed a dread
    88 | D        | Noticed a meat berserker
    88 | D        | Noticed a destroyer
    88 | D        | Noticed a meat beast
    88 | D        | Noticed The Captor
    89 | D        | Noticed a large bag of meat
    89 | D        | Noticed an accursed
    89 | D        | Noticed a destroyer
    89 | D        | Noticed a large bag of meat
    89 | D        | Killed a meat berserker
    89 | D        | Killed a bag of meat
    90 | D        | Noticed a meat beast
    91 | D        | Noticed a meat berserker
    91 | D        | Noticed a meat beast
    91 | D        | Noticed an accursed
    91 | D        | Killed a meat beast
    91 | D        | Killed a destroyer
    92 | D        | Killed a meat berserker
    93 | D        | Killed a dread
    93 | D        | Killed a bag of meat
    93 | D        | Killed a destroyer
    94 | D        | Noticed a tyrant
    94 | D        | Killed The Captor
    95 | D        | Killed a meat beast
    95 | D        | Killed a bag of meat
    96 | D        | Noticed a meat berserker
    98 | D        | Noticed a bag of meat
    98 | D        | Killed a large bag of meat
    99 | D        | Noticed a bag of meat
    99 | D        | Noticed a bag of meat
    99 | D        | Killed a large bag of meat
    99 | D        | Killed a meat berserker
   100 | D        | Noticed a meat berserker
   100 | D        | Noticed a sculptor of flesh
   100 | D        | Noticed a bag of meat
   100 | D        | Noticed an accursed
   100 | D        | Noticed a tyrant
   100 | D        | Noticed a bag of meat
   100 | D        | Noticed a meat berserker
   101 | D        | Noticed a bag of meat
   102 | D        | Noticed a meat beast
   103 | D        | Noticed a dread
   103 | D        | Noticed a meat beast
   103 | D        | Killed an accursed
   103 | D        | Killed a meat berserker
   104 | D        | Noticed a meat berserker
   104 | D        | Killed a meat berserker
   104 | D        | Killed a meat berserker
   104 | D        | Noticed a large bag of meat
   105 | D        | Noticed a destroyer
   105 | D        | Noticed The Defiler
   105 | D        | Noticed a bag of meat
   106 | D        | Killed a meat berserker
   106 | D        | Killed a meat beast
   106 | D        | Killed a meat beast
   106 | D        | Killed a wretched soul
   107 | D        | Killed an observer
   107 | D        | Killed an observer
   108 | D        | Killed a bag of meat
   108 | D        | Killed an observer
   109 | D        | Killed a bag of meat
   110 | D        | Noticed a meat berserker
   110 | D        | Noticed a meat berserker
   110 | D        | Noticed a tyrant
   110 | D        | Killed a bag of meat
   110 | D        | Killed a meat berserker
   110 | D        | Killed a bag of meat
   111 | D        | Noticed a meat beast
   111 | D        | Killed an observer
   112 | D        | Noticed an accursed
   112 | D        | Noticed an accursed
   112 | D        | Killed a sculptor of flesh
   112 | D        | Killed a bag of meat
   113 | D        | Noticed a dread
   113 | D        | Killed an observer
   113 | D        | Killed a dread
   114 | D        | Noticed a meat beast
   114 | D        | Killed a tyrant
   114 | D        | Killed a bag of meat
   114 | D        | Killed a bag of meat
   115 | D        | Noticed a meat beast
   115 | D        | Noticed a bag of meat
   115 | D        | Killed a large bag of meat
   116 | D        | Killed a meat beast
   117 | D        | Noticed a meat berserker
   117 | D        | Killed a meat berserker
   117 | D        | Killed a tyrant
   118 | D        | Killed a destroyer
   119 | D        | Killed a meat berserker
   120 | D        | Noticed a bag of meat
   121 | D        | Noticed a meat beast
   121 | D        | Noticed a fleshlord
   121 | D        | Killed a meat beast
   121 | D        | Killed a meat berserker
   122 | D        | Noticed a meat berserker
   122 | D        | Noticed a meat berserker
   122 | D        | Killed a tyrant
   123 | D        | Noticed a fleshlord
   123 | D        | Killed a dread
   123 | D        | Killed an observer
   123 | D        | Killed an accursed
   124 | D        | Noticed a meat beast
   124 | D        | Noticed a meat beast
   124 | D        | Killed a meat beast
   124 | D        | Killed a bag of meat
   124 | D        | Killed a bag of meat
   124 | D        | Noticed a bag of meat
   125 | D        | Noticed an accursed
   125 | D        | Killed a meat beast
   125 | D        | Killed The Defiler
   126 | D        | Killed a meat berserker
   126 | D        | Killed a meat berserker
   127 | D        | Killed a meat beast
   128 | D        | Noticed a tyrant
   128 | D        | Killed a fleshlord
   129 | D        | Killed a meat beast
   129 | D        | Killed a fleshlord
   132 | D        | Killed a bag of meat
   133 | D        | Noticed a destroyer
   134 | D        | Noticed a destroyer
   135 | D        | Noticed a dread
   136 | D        | Noticed a fleshlord
   136 | D        | Killed a tyrant
   136 | D        | Killed an accursed
   138 | D        | Noticed a fleshlord
   138 | D        | Killed a destroyer
   139 | D        | Killed an accursed
   139 | D        | Killed a dread
   140 | D        | Noticed a destroyer
   140 | D        | Killed an accursed
   140 | D        | Lost intelligence.
   143 | D        | Annihilated by a fleshlord

Action                   |  1- 3 |  4- 6 |  7- 9 | 10-12 | 13-15 | 16-18 | 19-21 | 22-24 | 25-27 || total
-------------------------+-------+-------+-------+-------+-------+-------+-------+-------+-------++-------
Melee: Executioner's axe |     1 |       |       |     2 |     4 |     7 |     8 |    11 |    60 ||    93
